 Dungeon Crawl Stone Soup version 0.31-a0-819-gf6de2f5ab6 (webtiles) character file.

Game seed: 12264901616726367569

68 qw the Shooter (level 4, -1/28 HPs)
             Began as a Gargoyle Hunter on Sept 23, 2023.
             Slain by a gnoll
             ... wielding a +0 flail
              (8 damage)
             ... on level 2 of the Dungeon.
             The game lasted 00:00:25 (1066 turns).

qw the Shooter (Gargoyle Hunter)                    Turns: 1066, Time: 00:00:26

Health: -1/28      AC:  6    Str: 15    XL:     4   Next: 19%
Magic:  4/4        EV: 11    Int:  9    God:
Gold:   36         SH:  0    Dex: 15    Spells: 3/3 levels left

rFire   . . .        Y - +0 shortbow
rCold   . . .        (shield currently unavailable)
rNeg    + . .        c - +0 leather armour
rPois   inf          (no helmet)
rElec   +            (no cloak)
rCorr   .            (no gloves)
SInv    .            (no boots)
Will    .....        (no amulet)
Stlth   ++           (no ring)
HPRegen 0.24/turn    (no ring)
MPRegen 0.09/turn

%: no passive effects
@: no status effects
A: sickness immunity, AC +3, negative energy resistance 1, electricity
resistance, torment resistance 1, petrification resistance
a: no special abilities


You were on level 2 of the Dungeon.
You visited 1 branch of the dungeon, and saw 2 of its levels.

You collected 36 gold pieces.


Innate Abilities, Weirdness & Mutations

You are immune to sickness and miasma.
Your stone body is resilient. (AC +3)
You are immune to poison.
You resist negative energy. (rN+)
You are resistant to electric shocks. (rElec)
You are resistant to unholy torment.
You are immune to petrification.


   Skills:
 - Level 3.2 Fighting
 + Level 5.1 Ranged Weapons
 - Level 1.5 Dodging
 - Level 1.1 Stealth


You had 3 spell levels left.
You didn't know any spells.
Your spell library was empty.

Inventory:

Hand Weapons
 Y - a +0 shortbow (weapon)
Armour
 c - a +0 leather armour (worn)
Scrolls
 h - 2 scrolls of identify
Potions
 a - a potion of curing {unknown}
 e - a potion of resistance {unknown}
 f - a potion of might {unknown}
 g - a potion of lignification {unknown}
 i - 2 potions of magic {unknown}
 j - a potion of brilliance {unknown}

Dungeon Overview and Level Annotations

Branches:
Dungeon (2/15)

Altars:


Message History

Your Fighting skill increases to level 3!
You have reached level 4!
You feel stronger.
You start resting.
HP restored.
The gnoll shouts!
You hear a shout!
A gnoll comes into view. It is wielding a +0 flail.
Items here: %% )).
You shoot an arrow. The arrow hits the gnoll.
The gnoll is lightly wounded.
You shoot an arrow. The arrow hits the gnoll.
The gnoll is moderately wounded.
You shoot an arrow. The arrow hits the gnoll.
The gnoll is heavily wounded.
The gnoll hits you but does no damage.
You shoot an arrow. The arrow barely misses the gnoll.
The gnoll hits you with a +0 whip.
You shoot an arrow. The arrow hits the gnoll.
The gnoll is heavily wounded.
The gnoll misses you.
You shoot an arrow. The arrow hits the gnoll.
The gnoll is almost dead.
The gnoll hits you with a +0 whip.
You shoot an arrow. The arrow hits the gnoll.
You kill the gnoll!
The gnoll closely misses you.
You shoot an arrow. The arrow hits the gnoll.
The gnoll is moderately wounded.
The gnoll hits you with a +0 flail.
You shoot an arrow. The arrow hits the gnoll.
The gnoll is almost dead.
The gnoll closely misses you.
You shoot an arrow. The arrow closely misses the gnoll.
The gnoll hits you with a +0 flail!
You shoot an arrow. The arrow barely misses the gnoll.
The gnoll hits you with a +0 flail! The gnoll barely misses you.
You shoot an arrow. The arrow barely misses the gnoll.
The gnoll closely misses you.
You shoot an arrow. The arrow closely misses the gnoll.
The gnoll hits you with a +0 flail!
You die...

.. . .## ..#
## #.. ..#
#.##...#
#)g....# #@#
..#.#####.##.#
.............#
.######.######
#.# #.# #..#
#.# #..# #.#
#..# #.#####


You could see a gnoll.

Vanquished Creatures
  3 gnolls (D:2)
  A dart slug (D:1)
  3 ball pythons (D:1)
  3 endoplasms (D:1)
  A giant cockroach (D:1)
  A goblin (D:1)
  6 hobgoblins
  4 kobolds (D:1)
  4 quokkas
  2 bats (D:1)
  7 frilled lizards (D:1)
  A rat (D:1)
36 creatures vanquished.

Notes
Turn   | Place    | Note
-------+----------+-------------------------------------------
     0 | D:1      | qw the Gargoyle Hunter began the quest for the Orb.
     0 | D:1      | Reached XP level 1. HP: 12/12 MP: 1/1
     0 | D:1      | 0 ||| qw: Version: 0.3-a-83-gcd0e7d8
     0 | D:1      | 0 ||| qw: Game counter: 1471
     0 | D:1      | 0 ||| qw: Melee chars always use a shield: true
     0 | D:1      | 0 ||| qw: God list: Okawaru
     0 | D:1      | 0 ||| qw: Allow faded altars: false
     0 | D:1      | 0 ||| qw: Do Orc after clearing Dungeon:15 true
     0 | D:1      | 0 ||| qw: Do second Lair branch before Depths: true
     0 | D:1      | 0 ||| qw: Lair rune preference: random
     0 | D:1      | 0 ||| qw: Goals: Normal
     0 | D:1      | 0 ||| PLANNING D:1-11
    45 | D:1      | Reached XP level 2. HP: 15/17 MP: 2/2
   289 | D:1      | Reached XP level 3. HP: 21/21 MP: 3/3
   302 | D:1      | Reached skill level 5 in Ranged Weapons
   844 | D:1      | 844 ||| READING scroll labelled IWANOX RAEN.
   845 | D:1      | 845 ||| READING 2 scrolls labelled VOIFARPH WONO.
   846 | D:1      | 846 ||| DROPPING scroll of butterflies.
   995 | D:2      | 995 ||| RETREEAATING.
  1007 | D:2      | Reached skill level 3 in Fighting
  1007 | D:2      | Reached XP level 4. HP: 16/28 MP: 4/4
  1064 | D:2      | HP: 6/28 [gnoll/+0 flail (9)]
  1066 | D:2      | Slain by a gnoll

Levels and vault maps discovered:
D:1:      saegor_arrival_fortress, layout_loops_ring, minmay_lizard_pond
D:2:      layout_loops_ring, kennysheep_donut, hangedman_decor_growths

Skill      XL: |  1  2  3 |
---------------+----------+-----
Ranged Weapons | 5 |  5.1
Fighting       | 3 |  3.2
Dodging        | |  1.5
Stealth        | |  1.1

Action                     |  1- 3 |  4- 6 || total
---------------------------+-------+-------++-------
   Fire: Shortbow          |   116 |    13 ||   129
    Use: Scroll            |     2 |       ||     2
 Armour: Leather armour    |    47 |     7 ||    54
  Dodge: Dodged            |    36 |     5 ||    41

Table legend:
 A = Non-vault XP
 B = Vault XP
 C = Vault XP percentage of total XP
 D = Non-vault monster count
 E = Vault monster count
 F = Vault count percentage of total count
                 A         B        C        D         E       F
            +---------+---------+-------+---------+---------+-------
      Total |      92 |       6 |   6.1 |      30 |       6 |  16.7
            +---------+---------+-------+---------+---------+-------
        D:1 |      41 |       6 |  12.8 |      23 |       6 |  20.7
        D:2 |      51 |       0 |   0.0 |       7 |       0 |   0.0
            +---------+---------+-------+---------+---------+-------
